 Dungeon Crawl Stone Soup version 0.27-b1-42-g19c61b19a5 (webtiles) character file.

Game seed: 1646542954885006388

541 mhtbhm the Chopper (level 7, -2/60 HPs)
             Began as a Minotaur Fighter on July 30, 2021.
             Slain by an ogre (16 damage)
             ... on level 4 of the Dungeon.
             The game lasted 00:04:53 (4155 turns).

mhtbhm the Chopper (Minotaur Fighter)               Turns: 4155, Time: 00:04:54

Health: -2/60      AC:  8    Str: 22    XL:     7   Next: 5%
Magic:  6/6        EV:  9    Int:  5    God:
Gold:   108        SH:  9    Dex:  8    Spells: 6/6 levels left

rFire    + . .     SeeInvis .   a - +0 war axe (elec)
rCold    . . .     Faith    .   c - +0 kite shield
rNeg     . . .     Spirit   .   b - +0 ring mail {rF+}
rPois    .         Reflect  .   d - +1 hat
rElec    .         Harm     .   j - +0 cloak {Will+}
rCorr    .         Rampage  .   (no gloves)
Will     +....                  (no boots)
Stlth    ..........             (no amulet)
HPRegen  0.20/turn              (no ring)
MPRegen  0.10/turn              (no ring)

@: no status effects
A: horns 2, retaliatory headbutt, clumsy 1
a: no special abilities


You were on level 4 of the Dungeon.
You visited 1 branch of the dungeon, and saw 4 of its levels.

You collected 108 gold pieces.

Inventory:

Hand Weapons
 a - a +0 war axe of electrocution (weapon)
Missiles
 m - 3 silver boomerangs (quivered)
Armour
 b - a +0 ring mail of fire resistance (worn)
 c - a +0 kite shield (worn)
 d - a +1 hat (worn)
 j - a +0 cloak of willpower (worn)
Wands
 f - a wand of flame (10)
Scrolls
 e - a scroll of immolation
 i - a scroll of brand weapon


   Skills:
 + Level 4.7 Fighting
 + Level 6.3 Axes
 + Level 5.6 Armour
 + Level 2.5 Dodging
 + Level 0.2 Stealth
 + Level 4.5 Shields


You had 6 spell levels left.
You didn't know any spells.
Your spell library contained the following spells:

 Spells                   Type           Power      Damage    Failure   Level
 Magic Dart               Conj           0%         1d3       97%         1
 Call Imp                 Summ           0%         N/A       99%         2
 Mephitic Cloud           Conj/Pois/Air  0%         N/A       100%        3


Dungeon Overview and Level Annotations

Branches:
Dungeon (4/15)
 Temple: D:4-7

Altars:
Xom


Innate Abilities, Weirdness & Mutations

You have a pair of horns on your head.
You reflexively headbutt those who attack you in melee.
You are clumsy. (Dex -2)


Message History

a +0 dagger; a +0 robe; an orc corpse It was a potion of mutation.
You feel extremely strange.
You feel clumsy. The ogre hits you with a +0 giant club.
It was a potion of cancellation.
Your magical effects are unravelling.
You feel magically purged.
Your magical contamination has completely faded away.
You flicker back into view.
The ogre closely misses you. The hobgoblin closely misses you.
You furiously retaliate!
You headbutt the hobgoblin!
You kill the hobgoblin!
Things that are here:
a +0 club; a kobold corpse; a hobgoblin corpse
As you read the scroll labelled DOMPERH VEMA, it crumbles to dust.
It is a scroll of amnesia.
You feel forgetful for a moment. The ogre barely misses you.
As you read the scroll labelled MOUZYQ HISH, it crumbles to dust.
The scroll dissolves into smoke.
It was a scroll of fog.
As you read the scroll labelled SIFUOJ EMOY, it crumbles to dust.
You feel aware of your surroundings.
It was a scroll of magic mapping.
The ogre barely misses you.
You aren't carrying any potions.
Unknown command.
Okay, then.
Okay, then.
Found 15 gold pieces.
You aren't carrying any potions.
Unknown command.
Found 9 stones.
An orc comes into view. It is wielding a +0 dagger.
You hit the ogre.
The ogre is moderately wounded.
The ogre hits you with a +0 giant club!
* * * LOW HITPOINT WARNING * * *
Unknown command.
You barely miss the ogre.
The ogre is moderately wounded.
The ogre hits you with a +0 giant club!
You die...

*,,,,*,**,,,,..,,..*##.....##,,,
*,,,,*,,,,**,...,#.##...$....,,,
**,,,,***,,*,,,,..#.#..........,,
,,,**,**,.,,,*,**,.............,,
,,,,,,,,,..***,****#........[..,,
,,,,,,,,,...#*,* #...........,,
,,,**,,,,..$..,* ##§§........,,
,>,,,,,,,......######§§........,,
*****,,,,.(.....@O§§§§§†.......,,
*****,,,,..#o....§§§§§§.†......,,
*,,,,,,,,.....####§§§####......,,
*,,,,,,,,....,,,*###...,,......,*
*,,,,,,,,...**,,,,,..#...,.....**
*,,,,,***..,,,,,,*.............**
*,,,,<,,,^,,,,,,,.......#......,*
*,,,,,***,,,,,,,..#.###..,.,,,.,,
*,,,,,,,*,,,,,,...#.,***#.,,,,,,,


You could see an ogre and an orc.

Vanquished Creatures
  2 kobold brigands (D:3)
  A scorpion (D:4)
  A howler monkey (D:4)
  Crazy Yiuf (D:3)
  An iguana (D:3)
  3 orc wizards
  Robin (D:3)
  2 gnolls (D:1)
  A howler monkey skeleton (D:4)
  4 adders
  2 adder skeletons (D:4)
  A dart slug (D:1)
  4 orcs (D:3)
  8 endoplasms
  3 giant cockroaches
  12 goblins
  11 hobgoblins
  12 jackals
  16 kobolds
  A quokka (D:1)
  10 ball pythons
  5 bats
  3 frilled lizards
  8 rats
113 creatures vanquished.

Vanquished Creatures (others)
  3 adders (D:3)
  A dart slug (D:3)
  A quokka (D:3)
  A goblin (D:3)
  A kobold (D:3)
  A rat (D:3)
  2 plants (D:2)
10 creatures vanquished.

Grand Total: 123 creatures vanquished

Notes
Turn   | Place    | Note
-------+----------+-------------------------------------------
     0 | D:1      | mhtbhm the Minotaur Fighter began the quest for the Orb.
     0 | D:1      | Reached XP level 1. HP: 19/19 MP: 0/0
   207 | D:1      | Reached XP level 2. HP: 27/27 MP: 1/1
   788 | D:1      | Reached XP level 3. HP: 32/33 MP: 2/2
   983 | D:1      | Reached skill level 3 in Axes
  1271 | D:2      | Reached XP level 4. HP: 36/40 MP: 3/3
  1581 | D:2      | Reached skill level 1 in Dodging
  1773 | D:2      | Reached skill level 5 in Armour
  2157 | D:3      | Reached skill level 4 in Axes
  2157 | D:3      | Reached XP level 5. HP: 46/46 MP: 4/4
  2220 | D:3      | Noticed Robin
  2232 | D:3      | HP: 1/69 [Robin/puff of flame (7)]
  2236 | D:3      | Killed Robin
  2746 | D:3      | Found a runed translucent door.
  2747 | D:3      | Noticed Crazy Yiuf
  2938 | D:3      | Found a shimmering altar of Xom.
  3311 | D:3      | Reached skill level 5 in Axes
  3394 | D:3      | Reached XP level 6. HP: 44/53 MP: 5/5
  3907 | D:3      | Killed Crazy Yiuf
  4116 | D:4      | Reached skill level 6 in Axes
  4119 | D:4      | Reached XP level 7. HP: 49/60 MP: 6/6
  4144 | D:4      | Gained mutation: You are clumsy. (Dex -2) [potion of
                  | mutation]
  4155 | D:4      | Slain by an ogre

Illustrated notes

Levels and vault maps discovered:
D:1:      eino_arrival_druids_welcome, layout_rooms, minmay_tetromino_o4
D:2:      layout_loops_ring, minmay_shallow_snake_nest
D:3:      cheibrodos_thug_alley, layout_loops_ring, xom_confusion_cloud,
          dk_noncrumbling_2, uniq_robin, uniq_crazy_yiuf_cottage
D:4:      layout_rooms, hangedman_feature_mirror

Skill      XL: |  1  2  3  4  5  6 |
---------------+-------------------+-----
Armour         | 4 5 |  5.6
Fighting       | 4 |  4.7
Axes           | 3 4 5 6 |  6.3
Dodging        | 1 2 |  2.5
Shields        | 4 |  4.5
Stealth        | |  0.2

Action                   |  1- 3 |  4- 6 |  7- 9 || total
-------------------------+-------+-------+-------++-------
Melee: War axe           |    86 |   137 |    10 ||   233
       Headbutt          |    11 |    16 |     3 ||    30
Throw: Boomerang         |       |     1 |       ||     1
  Use: Potion            |     2 |     3 |     3 ||     8
       Scroll            |     1 |     1 |     3 ||     5
Armor: Scale mail        |    44 |    38 |       ||    82
       Ring mail         |       |    22 |     5 ||    27
Dodge: Dodged            |    31 |    36 |     7 ||    74
Block: Kite shield       |    38 |    80 |     7 ||   125
